 Dungeon Crawl Stone Soup version 0.27.0-1-g7a089689b8 (webtiles) character file.

Game seed: 16735689692215616084

78 mandarbmax the Magician (level 4, 0/33 HPs)
             Began as a Djinni Venom Mage on Aug 1, 2021.
             Slain by a gnoll (3 damage)
             ... on level 2 of the Dungeon.
             The game lasted 00:06:53 (3056 turns).

mandarbmax the Magician (Djinni Venom Mage)         Turns: 3056, Time: 00:06:53

Health: 0/33       AC:  2    Str:  7    XL:     4   Next: 61%
Gold:   82         EV: 12    Int: 18    God:
                   SH:  0    Dex: 13

rFire    + + .     SeeInvis .   g - +0 whip (venom)
rCold    . . .     Faith    .   (no shield)
rNeg     . . .     Spirit   .   a - +0 robe
rPois    ∞         Reflect  .   (no helmet)
rElec    .         Harm     .   (no cloak)
rCorr    .         Rampage  .   (no gloves)
Will     .....                  (boots unavailable)
Stlth    ++........             (no amulet)
HPRegen  0.11/turn              e - ring of protection from cold
MPRegen  0.00/turn              (no ring)

@: flying
A: sickness immunity, fire resistance 2, cold vulnerability 1, float, innate
caster, hp casting, extra vitality 1
a: no special abilities


You were on level 2 of the Dungeon.
You visited 1 branch of the dungeon, and saw 2 of its levels.

You collected 82 gold pieces.

Inventory:

Hand Weapons
 g - a +0 whip of venom (weapon)
Armour
 a - a +0 robe (worn)
Jewellery
 e - a ring of protection from cold (left hand)
Scrolls
 b - 2 scrolls of identify {unknown}
 d - 2 scrolls of noise {unknown}
 f - a scroll of immolation {unknown}
Potions
 c - a potion of degeneration {unknown}


   Skills:
 + Level 2.1 Fighting
 - Level 2.1 Dodging
 - Level 1.5 Stealth
 + Level 3.4 Spellcasting


You couldn't memorise any spells.
You knew the following spells:

 Your Spells              Type           Power      Damage    Failure   Level
a - Sting                 Tmut/Pois      60%        1d6       3%          1
b - Poisonous Vapours     Pois/Air       30%        N/A       6%          2
c - Mephitic Cloud        Conj/Pois/Air  15%        N/A       12%         3
d - Olgreb's Toxic Radia  Pois           15%        N/A       36%         4
e - Foxfire               Conj/Fire      60%        2x1d7     3%          1
Your spell library was empty.

Dungeon Overview and Level Annotations

Branches:
Dungeon (2/15)

Altars:


Innate Abilities, Weirdness & Mutations

You are immune to sickness and miasma.
You are immune to poison.
Your flesh is very heat resistant. (rF++)
You are vulnerable to cold. (rC-)
You float through the air rather than walking.
You learn spells naturally, not from books.
Your magical power is your life essence.
You have superior vitality. (+4 HP)


Message History

You conjure some foxfire!
The foxfire hits the gnoll but does no damage.
The gnoll is heavily wounded.
The foxfire hits the gnoll.
The gnoll is moderately wounded.
The foxfire hits the gnoll but does no damage.
The gnoll is heavily wounded.
The foxfire hits the gnoll!
The gnoll is severely wounded.
Your foxfire dissipates!
You conjure some foxfire!
The foxfire hits the gnoll.
You kill the gnoll!
A gnoll comes into view. It is wielding a +0 flail.
Unknown command.
You conjure some foxfire!
The foxfire hits the gnoll but does no damage.
The gnoll is heavily wounded.
The foxfire hits the gnoll but does no damage.
The gnoll is heavily wounded.
The foxfire hits the gnoll.
The gnoll is severely wounded.
You conjure some foxfire!
The foxfire hits the gnoll but does no damage.
The gnoll is severely wounded.
The gnoll hits you from afar with a +0 halberd!
* * * LOW HITPOINT WARNING * * *
The foxfire hits the gnoll but does no damage.
The gnoll is heavily wounded.
The foxfire hits the gnoll but does no damage.
The gnoll is heavily wounded.
The foxfire hits the gnoll.
The gnoll is severely wounded.
Unknown command.
Things that are here:
3 stones; a +0 scale mail; a +0 club
There is a stone staircase leading up here.
Things that are here:
a +0 dagger; a +0 dagger The gnoll hits you from afar with a +0 halberd.
You die...

######### ........#
........# ........#
........# ........#
........# ........#
.......@# ......)(#
......)g####
##.####÷...### #.#
#.......#
###S###...)...###
#.............g.#
#<..............#
#.............#.....


You could see a gnoll.

Vanquished Creatures
  2 gnolls (D:2)
  An adder (D:2)
  A dart slug (D:1)
  4 orcs
  3 endoplasms (D:1)
  A giant cockroach (D:1)
  A hobgoblin (D:1)
  5 jackals
  2 quokkas
  6 ball pythons
  2 bats (D:1)
  A frilled lizard (D:1)
  4 goblins
  5 kobolds
  3 rats
41 creatures vanquished.

Vanquished Creatures (others)
  45 foxfires (D:2)
45 creatures vanquished.

Grand Total: 86 creatures vanquished

Notes
Turn   | Place    | Note
-------+----------+-------------------------------------------
     0 | D:1      | mandarbmax the Djinni Venom Mage began the quest for the
                  | Orb.
     0 | D:1      | Reached XP level 1. HP: 15/15 MP: 0/0
   417 | D:1      | Reached XP level 2. HP: 9/21 MP: 0/0
  1161 | D:1      | Reached skill level 3 in Spellcasting
  1359 | D:1      | Reached XP level 3. HP: 24/26 MP: 0/0
  1359 | D:1      | Learned a level 1 spell: Foxfire
  1483 | D:1      | Reached skill level 1 in Fighting
  3017 | D:2      | Reached XP level 4. HP: 27/33 MP: 0/0
  3056 | D:2      | Slain by a gnoll

Illustrated notes

Levels and vault maps discovered:
D:1:      lemuel_arrival_tunnels, layout_basic, kennysheep_another_room,
          minmay_tiny_reverse_x
D:2:      layout_rooms, hellmonk_ecumenical_altar_arch_garden,
          minmay_snake_closets, uniq_jessica, uniq_robin

Skill      XL: |  1  2  3  4 |
---------------+-------------+-----
Spellcasting   | 3 |  3.4
Fighting       | 1 2 |  2.1
Dodging        | |  2.1
Stealth        | |  1.5

Action                   |  1- 3 |  4- 6 || total
-------------------------+-------+-------++-------
Melee: Unarmed           |     3 |       ||     3
 Cast: Sting             |    52 |       ||    52
       Poisonous Vapours |    19 |       ||    19
       Foxfire           |    13 |    13 ||    26
       Mephitic Cloud    |     2 |       ||     2
Armor: Robe              |     5 |       ||     5
Dodge: Dodged            |    21 |       ||    21
